 Dungeon Crawl Stone Soup version 0.27-a0-1529-g1e82c303ef (webtiles) character file.

Game seed: 16765968558164404350

375 raph the Grave Robber (level 7, -2/47 HPs)
             Began as a Human Necromancer on July 11, 2021.
             Slain by a gnoll (10 damage)
             ... on level 4 of the Dungeon.
             The game lasted 00:11:37 (6095 turns).

raph the Grave Robber (Human Necromancer)           Turns: 6095, Time: 00:11:37

Health: -2/47      AC:  4    Str:  8    XL:     7   Next: 3%
Magic:  1/10       EV: 11    Int: 23    God:
Gold:   115        SH:  0    Dex: 14    Spells: 3/10 levels left

rFire    . . .     SeeInvis .   h - +1 battleaxe
rCold    . . .     Faith    .   (shield currently unavailable)
rNeg     . . .     Spirit   .   n - +1 leather armour
rPois    .         Reflect  .   (no helmet)
rElec    .         Harm     .   (no cloak)
rCorr    .         Rampage  .   (no gloves)
Will     .....                  (no boots)
Stlth    ++........             (no amulet)
HPRegen  0.15/turn              l - +6 ring of intelligence
MPRegen  0.12/turn              (no ring)

@: no status effects
A: no striking features
a: no special abilities


You were on level 4 of the Dungeon.
You visited 1 branch of the dungeon, and saw 5 of its levels.

You collected 115 gold pieces.

Inventory:

Hand Weapons
 b - a +0 mace
 h - a +1 battleaxe (weapon)
 s - a +0 rapier
Armour
 a - a +0 robe
 n - a +1 leather armour (worn)
Jewellery
 l - a +6 ring of intelligence (left hand)
Scrolls
 c - a scroll of teleportation
 f - 2 scrolls of enchant armour
 o - 2 scrolls of identify
Potions
 e - a potion of mutation
 i - a potion of ambrosia
 q - a potion of curing


   Skills:
 + Level 0.4 Fighting
 + Level 2.2 Dodging
 + Level 2.3 Stealth
 + Level 2.2 Spellcasting
 * Level 7.4 Necromancy
 + Level 0.4 Translocations


You had 3 spell levels left.
You knew the following spells:

 Your Spells              Type           Power      Damage    Failure   Level
a - Pain                  Necr           100%       1d9       1%          1
b - Animate Skeleton      Necr           72%        N/A       1%          1
c - Vampiric Draining     Necr           18%        2d8       2%          3
d - Blink                 Tloc           N/A        N/A       22%         2

Your spell library contained the following spells:

 Spells                   Type           Power      Damage    Failure   Level
 Freeze                   Ice            8%         1d3       19%         1
 Portal Projectile        Hex/Tloc       6%         N/A       45%         3
 Call Canine Familiar     Summ           2%         N/A       50%         3
 Frozen Ramparts          Ice            4%         1d2       50%         3
 Ignite Poison            Fire/Tmut/Pois 2%         N/A       50%         3
 Mephitic Cloud           Conj/Pois/Air  2%         N/A       50%         3
 Animate Dead             Necr           18%        N/A       9%          4
 Agony                    Necr           36%        N/A       24%         5
 Excruciating Wounds      Necr           18%        N/A       24%         5
 Hailstorm                Conj/Ice       2%         3d3       88%         4
 Leda's Liquefaction      Hex/Erth       1%         N/A       88%         4
 Blade Hands              Tmut           1%         N/A       99%         5
 Bolt of Magma            Conj/Fire/Erth 1%         4d4       99%         5
 Manifold Assault         Tloc           4%         N/A       99%         5
 Storm Form               Tmut/Air       1%         N/A       100%        7


Dungeon Overview and Level Annotations

Branches:
Dungeon (5/15)
 Temple: D:4-7

Altars:


Message History

Unknown command.
Unknown command.
Casting: Pain (safe; 1% risk of failure)
Confirm with . or Enter, or press ? or * to list all spells.
Aiming: Vampiric Draining (dangerous; 2% risk of failure)
Press: ? - help, Shift-Dir - straight line, f - gnoll
Aim: a gnoll, wielding a +0 flail You miscast Vampiric Draining.
You are very lightly contaminated with residual magic.
Nothing appears to happen.
The gnoll closely misses you.
Casting: Vampiric Draining (dangerous; 2% risk of failure)
Confirm with . or Enter, or press ? or * to list all spells.
Aiming: Vampiric Draining (dangerous; 2% risk of failure)
Press: ? - help, Shift-Dir - straight line, f/p - gnoll
Aim: a gnoll, wielding a +0 flail You draw life force from the gnoll!
You feel life coursing into your body. The gnoll hits you with a +0 flail!
Casting: Vampiric Draining (dangerous; 2% risk of failure)
Confirm with . or Enter, or press ? or * to list all spells.
You don't have enough magic to cast this spell.
You completely miss the gnoll.
The gnoll is severely wounded.
The gnoll hits you with a +0 flail. The gnoll hits you but does no damage.
You are too injured to fight recklessly!
You barely miss the gnoll.
The gnoll is severely wounded.
The gnoll barely misses you. The gnoll closely misses you.
You closely miss the gnoll.
The gnoll is severely wounded.
The gnoll barely misses you.
You closely miss the gnoll.
The gnoll is severely wounded.
The gnoll closely misses you. The gnoll hits you with a +0 flail!
Your magical contamination has completely faded away.
You closely miss the gnoll.
The gnoll is severely wounded.
The gnoll hits you with a +0 flail!
* * * LOW HITPOINT WARNING * * *
The gnoll hits you with a +0 flail!
You die...

.......# #.#....#
###.#.### .....(.#
#......###..)....##
.......#
##.....##)#.#.#.#)#
......[#
#(.#.###.........#
.......#######)#)#
#####.########
$########........#
#.....)... .
#........#####
##.#######
#.......g....####.#
#.....#.@.........#
#.....##.....######
#.....##.....#
#.....##.....#
#.....##.....#
#.....##.....#
#.....##.....#
########.....#
#######


You could see a gnoll.

Vanquished Creatures
  A howler monkey (D:4)
  A jelly (D:4)
  An orc priest (D:3)
  Ijyb (D:2)
  An iguana (D:4)
  6 gnolls
  7 adders
  2 worms
  2 dart slugs
  8 orcs
  A bat (D:1)
  8 endoplasms
  4 giant cockroaches
  8 goblins
  5 hobgoblins
  5 jackals
  5 quokkas
  11 ball pythons
  A frilled lizard (D:1)
  9 kobolds
  12 rats
99 creatures vanquished.

Vanquished Creatures (others)
  2 demonic plants (D:1)
  A fungus (D:1)
  4 plants (D:1)
  3 withered plants (D:1)
10 creatures vanquished.

Grand Total: 109 creatures vanquished

Notes
Turn   | Place    | Note
-------+----------+-------------------------------------------
     0 | D:1      | raph the Human Necromancer began the quest for the Orb.
     0 | D:1      | Reached XP level 1. HP: 13/13 MP: 3/3
   271 | D:1      | Reached XP level 2. HP: 15/19 MP: 1/5
   672 | D:1      | Reached XP level 3. HP: 13/24 MP: 1/6
   674 | D:1      | Learned a level 1 spell: Animate Skeleton
   678 | D:1      | Learned a level 3 spell: Vampiric Draining
   834 | D:1      | Found a faded altar of an unknown god.
  1355 | D:1      | Reached skill level 5 in Necromancy
  1868 | D:2      | Reached XP level 4. HP: 28/30 MP: 5/7
  3215 | D:3      | Reached XP level 5. HP: 32/35 MP: 4/8
  3594 | D:3      | Reached skill level 6 in Necromancy
  3851 | D:3      | Noticed Ijyb
  3874 | D:2      | Killed Ijyb
  4443 | D:4      | Reached XP level 6. HP: 41/41 MP: 4/9
  4665 | D:4      | Reached skill level 7 in Necromancy
  5034 | D:3      | HP: 1/41 [ufetubus (3)]
  5427 | D:4      | Learned a level 2 spell: Blink
  5484 | D:4      | Noticed a necrophage
  5687 | D:5      | Entered Level 5 of the Dungeon
  5687 | D:5      | Noticed a black bear
  6032 | D:4      | Reached XP level 7. HP: 40/47 MP: 10/10
  6095 | D:4      | Slain by a gnoll

Illustrated notes

Levels and vault maps discovered:
D:1:      erik_arrival_orb_chamber, layout_loops_ring,
          shapermc_ecumenical_altar_gd, grunt_decor_cap,
          kennysheep_another_room, minmay_tromino_v2
D:2:      layout_loops_ring
D:3:      layout_rooms, uniq_ijyb
D:4:      minmay_spotlight, layout_basic
D:5:      layout_cave_pools, serial_gnoll_camp, gnoll_camp_mini_doghouse,
          gnoll_camp_mini_loothouse, gnoll_camp_mini_sergeant,
          gnoll_camp_huts_moat

Skill      XL: |  1  2  3  4  5  6 |
---------------+-------------------+-----
Necromancy     | 5 6 7 |  7.4
Fighting       | |  0.4
Dodging        | |  2.2
Stealth        | |  2.3
Spellcasting   | |  2.2
Translocations | |  0.4

Action                   |  1- 3 |  4- 6 |  7- 9 || total
-------------------------+-------+-------+-------++-------
Melee: Mace              |     3 |       |       ||     3
       Battleaxe         |    13 |    91 |     5 ||   109
 Cast: Pain              |    54 |    81 |     4 ||   139
       Animate Skeleton  |     1 |     3 |     1 ||     5
       Vampiric Draining |       |     9 |     1 ||    10
  Use: Scroll            |       |    12 |       ||    12
       Potion            |       |     3 |       ||     3
 Stab: Sleeping          |     1 |     1 |       ||     2
Armor: Robe              |     1 |     1 |       ||     2
       Leather armour    |       |    66 |     1 ||    67
Dodge: Dodged            |    10 |   167 |     6 ||   183

Table legend: (Time is in decaauts)
 A = Elapsed time spent in this place.
 B = Non-inter-level travel time spent in this place.
 C = Inter-level travel time spent in this place.
 D = Time resting spent in this place.
 E = Time spent auto-exploring this place.
 F = Levels seen in this place.
 G = Mean time per level.
                   A        B        C        D        E       F      G
               +--------+--------+--------+--------+--------+-----+--------+
         Total |   6183 |   5972 |    211 |   2617 |   2278 |   5 | 1236.6 |
       Dungeon |   6183 |   5972 |    211 |   2617 |   2278 |   5 | 1236.6 |
               +--------+--------+--------+--------+--------+-----+--------+

Top non-repeatable levels by time:
     D:2: 1977 daAuts
     D:3: 1579 daAuts
     D:1: 1481 daAuts
     D:4: 1124 daAuts
     D:5: 20 daAuts
